[Event "Titled Tuesday Blitz August 08 Early 2023"]
[White "Keleberda, Tymur"]
[Black "Mekhitarian, Krikor Sevag"]
[WhiteFideId "14174294"]
[BlackFideId "2107660"]
[WhiteElo "2556"]
[BlackElo "2735"]
[Result "0-1"]
[Round "11"]
[TimeControl "180+1"]
[Date "2023.08.08"]
[WhiteClock "0:01:39"]
[BlackClock "0:01:16"]
[Board "47"]

1. e4 e6 2. d4 d5 3. Nc3 Nf6 4. e5 Nfd7 5. f4 c5 6. Nf3 Nc6 7. Ne2 Be7 8. c3 O-O 9. g3 b5 10. a3 a5 11. Bg2 Ba6 12. O-O b4 13. axb4 axb4 14. f5 exf5 15. Rf2 Bxe2 16. Rxa8 Bxd1 17. Rxd8 Rxd8 18. Nh4 Bxh4 19. gxh4 bxc3 20. Bxd5 cxb2 21. Bxb2 Nxd4 22. Bxd4 cxd4 23. e6 Nf6 24. exf7+ Kf8 25. Bc4 d3 26. Rxf5 d2 27. Rf4 Bc2 28. Be2 d1=Q+ 29. Bxd1 Rxd1+ 30. Kg2 Kxf7 31. Rb4 Be4+ 32. Kf2 Rd3 33. Ra4 Rh3 34. Ra7+ Kg6 35. Kg1 Rxh4 36. Ra3 Rg4+ 37. Kf1 Rg2 38. h3 h5 39. Re3 h4 40. Rxe4 Nxe4 41. Kxg2 Kf5 42. Kf3 Nf6 43. Kg2 Kf4 44. Kf2 Ne4+ 45. Kg2 Ke3 46. Kh2 Kf2 47. Kh1 Kg3 48. Kg1 g5 49. Kh1 Kxh3 50. Kg1 Kg3 51. Kh1 h3 52. Kg1 h2+ 53. Kh1 Nf2# 0-1


[Site "https://www.chess.com"]

[Event "Titled Tuesday Blitz August 08 Early 2023"]
[White "Belov, Alexei"]
[Black "Fiorito, Joaquin"]
[WhiteFideId "4128206"]
[BlackFideId "180173"]
[WhiteElo "2555"]
[BlackElo "2729"]
[Result "1-0"]
[Round "11"]
[TimeControl "180+1"]
[Date "2023.08.08"]
[WhiteClock "0:00:11"]
[BlackClock "0:00:01"]
[Board "48"]

1. e4 c5 2. Nf3 d6 3. d4 cxd4 4. Nxd4 Nf6 5. Nc3 a6 6. Be2 e5 7. Nb3 Be7 8. O-O Be6 9. f4 exf4 10. Bxf4 Nc6 11. Qe1 Ne5 12. Rd1 Ng6 13. Bg5 O-O 14. Kh1 Qc7 15. Qg3 b5 16. a3 Rac8 17. Nd4 Bc4 18. Bxc4 Qxc4 19. Nf5 Bd8 20. Nxd6 Bc7 21. Bxf6 gxf6 22. Nxc4 Bxg3 23. Nb6 Rc6 24. Nd7 Be5 25. Nxf8 Kxf8 26. h3 Nf4 27. Rd7 Nh5 28. Rf3 a5 29. g4 Nf4 30. Nd5 Nxd5 31. exd5 Rxc2 32. g5 Ke8 33. Rb7 Rxb2 34. gxf6 Rb1+ 35. Kg2 Kd8 36. Rxf7 Bd6 37. Rxh7 Rb2+ 38. Rf2 Rb3 39. f7 Rg3+ 40. Kf1 Bf8 41. Re2 Rf3+ 42. Rf2 Rxa3 43. Rh5 Re3 44. d6 Re6 45. Rxb5 Rxd6 46. Rxa5 Ke7 47. Ra7+ Ke6 48. Re2+ Kf6 49. Re8 Kg7 50. Raa8 Rf6+ 51. Kg2 Rxf7 52. Re4 Bd6 53. Rg4+ Kh7 54. Ra5 Bf8 55. Rh5+ Bh6 56. Kg3 Rf6 57. Re4 Kg6 58. Rhe5 Kf7 59. Kg4 Rb6 60. Rf5+ Kg7 61. Rfe5 Kf7 62. Rd5 Kg7 63. Rd7+ Kg6 64. Rde7 Rb5 65. R4e6# 1-0


[Site "https://www.chess.com"]

[Event "Titled Tuesday Blitz August 08 Early 2023"]
[White "Mammadzada, Gunay"]
[Black "Djordjevic, Vuk"]
[WhiteFideId "13403729"]
[BlackFideId "902098"]
[WhiteElo "2549"]
[BlackElo "2703"]
[Result "0-1"]
[Round "11"]
[TimeControl "180+1"]
[Date "2023.08.08"]
[WhiteClock "0:00:01"]
[BlackClock "0:00:19"]
[Board "49"]

1. e4 e6 2. d4 d5 3. Nd2 Be7 4. Bd3 c5 5. dxc5 Nf6 6. Qe2 O-O 7. c3 a5 8. Ngf3 Na6 9. e5 Nd7 10. h4 f5 11. Bxa6 Rxa6 12. b4 axb4 13. cxb4 Ra4 14. a3 Nb8 15. Nb3 b6 16. Be3 Ba6 17. Qc2 Bc4 18. Nbd4 Qd7 19. c6 Bxb4+ 20. Nd2 Qa7 21. Nxe6 Re8 22. c7 Nc6 23. Qxf5 Rxa3 24. Rd1 d4 25. Qg5 Bxe6 26. Bf4 Qxc7 0-1


[Site "https://www.chess.com"]

[Event "Titled Tuesday Blitz August 08 Early 2023"]
[White "Janaszak, Dawid"]
[Black "Skliarov, Viktor"]
[WhiteFideId "1119206"]
[BlackFideId "14106736"]
[WhiteElo "2554"]
[BlackElo "2698"]
[Result "1/2-1/2"]
[Round "11"]
[TimeControl "180+1"]
[Date "2023.08.08"]
[WhiteClock "0:00:06"]
[BlackClock "0:00:10"]
[Board "50"]

1. e4 c5 2. Nc3 Nc6 3. Bb5 Nd4 4. Nf3 g6 5. O-O Bg7 6. Re1 Nxb5 7. Nxb5 a6 8. Nc3 d6 9. d4 cxd4 10. Nxd4 Nf6 11. Bg5 O-O 12. Qd2 Re8 13. Rad1 Bg4 14. f3 Bd7 15. Kh1 Rc8 16. Bh6 Bh8 17. Nde2 b5 18. Nf4 Bc6 19. Ncd5 Bxd5 20. exd5 Qc7 21. c3 a5 22. Rc1 Qc4 23. b3 Qc5 24. c4 b4 25. Nd3 Qc7 26. Bg5 Qd7 27. Re2 Bg7 28. Rce1 Rc7 29. Nf2 Qf5 30. Qf4 Qxf4 31. Bxf4 Kf8 32. Nd3 Rcc8 33. Kg1 Nd7 34. Bg5 Bd4+ 35. Kf1 f6 36. Be3 Bc3 37. Bd2 Bxd2 38. Rxd2 g5 39. Rde2 Nc5 40. Nxc5 Rxc5 41. Kf2 Rc7 42. Ke3 Ra8 43. Kd4 a4 44. Rb1 axb3 45. Rxb3 Ra4 46. Reb2 Rca7 47. Rxb4 Rxb4 48. Rxb4 Rxa2 49. g4 Rxh2 50. Ke4 Re2+ 51. Kd4 Kf7 52. Rb8 Rh2 53. Ke3 h5 54. gxh5 Rxh5 55. Rc8 Rh4 56. c5 dxc5 57. Rxc5 Ra4 58. Rc7 Ke8 59. Rb7 Kd8 60. Kd3 f5 61. Ke3 Ra3+ 62. Ke2 Ra5 63. Rb8+ Kd7 64. Rg8 Rxd5 65. Rxg5 Ke6 66. f4 Ra5 67. Ke3 Ra3+ 68. Ke2 Ra4 69. Ke3 Kf6 70. Rh5 e5 71. fxe5+ Kxe5 72. Rh8 Ra3+ 73. Ke2 Ke4 74. Re8+ Kf4 75. Rb8 Ra2+ 76. Kf1 Kg3 77. Rb3+ Kg4 78. Rb4+ f4 79. Rb3 f3 80. Rb8 Kg3 81. Rg8+ Kf4 82. Rf8+ Kg3 83. Rg8+ Kf4 84. Rf8+ Kg3 85. Rg8+ 1/2-1/2


[Site "https://www.chess.com"]

[Event "Titled Tuesday Blitz August 08 Early 2023"]
[White "Sokolovsky, Yahli"]
[Black "ArtemDyachuk"]
[WhiteFideId "2820242"]
[WhiteElo "2687"]
[BlackElo "2545"]
[Result "1-0"]
[Round "11"]
[TimeControl "180+1"]
[Date "2023.08.08"]
[WhiteClock "0:00:06"]
[BlackClock "0:00:00"]
[Board "51"]

1. b3 e5 2. Bb2 Nc6 3. e3 Nf6 4. Nf3 e4 5. Nd4 Bd6 6. Nf5 Bf8 7. d3 exd3 8. Bxd3 g6 9. Nd4 Bg7 10. Nxc6 dxc6 11. O-O O-O 12. Nd2 Qd6 13. Nf3 Bg4 14. Rb1 Nd5 15. Bxg7 Kxg7 16. Qd2 Qf6 17. c4 Ne7 18. Be2 Rad8 19. Qb2 Nf5 20. Qxf6+ Kxf6 21. Rfd1 Nh4 22. Kf1 Nxf3 23. Bxf3 Bf5 24. Rxd8 Rxd8 25. Rd1 Re8 26. Ke2 g5 27. h3 Re7 28. Bg4 Bg6 29. Bc8 b6 30. Bb7 c5 31. Bc6 h5 32. Rd2 g4 33. h4 Re6 34. Bd5 Re7 35. g3 Bf5 36. Bg2 Be6 37. Kd1 Ke5 38. Bc6 Kf6 39. Ke2 Bf5 40. Bd5 Ke5 41. Kd1 Rd7 42. Ke2 Bg6 43. f4+ gxf3+ 44. Bxf3 Re7 45. Rd5+ Kf6 46. Bxh5 Be4 47. Rd1 Kg7 48. Bf3 Bg6 49. h5 Bf5 50. g4 Be6 51. g5 Bf5 52. Rd5 Bb1 53. Rd2 Re5 54. Rd7 Rxg5 55. Rxc7 Bxa2 56. Rxa7 Bxb3 57. Bd5 Rxh5 58. Rxf7+ Kh6 59. Rb7 Rh2+ 60. Kd3 Bc2+ 61. Kc3 Kg5 62. Rxb6 Bf5 63. e4 Bg4 64. Rb8 Rh3+ 65. Kd2 Kf4 66. Rf8+ Ke5 67. Ke1 Kd4 68. Kf2 Rc3 69. Rd8 Be2 70. Kxe2 Rc2+ 71. Kf3 Rc3+ 72. Kf4 Rc2 73. Bg8+ 1-0


[Site "https://www.chess.com"]

[Event "Titled Tuesday Blitz August 08 Early 2023"]
[White "Fus, Jakub"]
[Black "Vyatkin, Dmitry"]
[WhiteFideId "1193023"]
[BlackFideId "4171900"]
[WhiteElo "2678"]
[BlackElo "2537"]
[Result "1-0"]
[Round "11"]
[TimeControl "180+1"]
[Date "2023.08.08"]
[WhiteClock "0:01:43"]
[BlackClock "0:01:14"]
[Board "52"]

1. e4 e6 2. d4 d5 3. exd5 exd5 4. Nf3 Nf6 5. Bd3 Be7 6. O-O O-O 7. h3 b6 8. Ne5 Bb7 9. Bf4 c5 10. c3 Nc6 11. Nd2 cxd4 12. Nxc6 Bxc6 13. cxd4 Ne4 14. Rc1 Qd7 15. Re1 Bb4 16. a3 Bxd2 17. Bxd2 Ba4 18. Qe2 Rfe8 19. Be3 Nd6 20. Qh5 Bb5 21. Qxh7+ Kf8 22. Qh8+ Ke7 23. Bg5# 1-0


[Site "https://www.chess.com"]

[Event "Titled Tuesday Blitz August 08 Early 2023"]
[White "Burmakin, Vladimir"]
[Black "Weetik, Vjacheslav"]
[WhiteFideId "4105109"]
[BlackFideId "4153472"]
[WhiteElo "2543"]
[BlackElo "2661"]
[Result "0-1"]
[Round "11"]
[TimeControl "180+1"]
[Date "2023.08.08"]
[WhiteClock "0:00:00"]
[BlackClock "0:00:06"]
[Board "53"]

1. c4 Nf6 2. g3 c6 3. Bg2 d5 4. Qc2 e5 5. d3 Bd6 6. Nc3 d4 7. Ne4 Nxe4 8. Bxe4 Nd7 9. Bg2 a5 10. Nf3 O-O 11. O-O Nc5 12. e3 Bf5 13. e4 Bd7 14. Nd2 Qc7 15. b3 b5 16. a3 Ne6 17. Bb2 Rab8 18. Rfc1 Rfc8 19. Qd1 Qd8 20. Bf1 Qe7 21. Rc2 b4 22. a4 Nc5 23. Rcc1 g6 24. Qe2 f5 25. Bg2 Rf8 26. exf5 gxf5 27. Rf1 Rbe8 28. Rae1 Qf7 29. f3 Qg6 30. Rf2 h6 31. Bf1 Kh7 32. Qd1 f4 33. Rg2 Bh3 34. Ne4 Nxe4 35. dxe4 Rg8 36. Bc1 Bxg2 37. Kxg2 fxg3 38. h3 c5 39. Bd3 Ref8 40. f4 Qf6 41. f5 Be7 42. Rf1 Qg7 43. Qf3 Bg5 44. Bxg5 Qxg5 45. Rd1 Rf6 46. Be2 Qh4 47. Rd3 Rg5 48. Bd1 Rf8 49. Be2 Rf6 50. Bd1 Kg7 51. Be2 Kf8 52. Bd1 Ke7 53. Be2 Kd6 54. Bd1 Qf4 55. Be2 h5 56. Bd1 h4 57. Be2 Qc1 58. Rd1 Qf4 59. Rd3 Qxf3+ 60. Bxf3 Rf8 61. Rd2 Ke7 62. Rd3 Kf6 63. Bd1 Rg7 64. Bf3 Re7 65. Bd1 Kg5 66. Bf3 Rxf5 67. exf5 e4 68. Bxe4 Rxe4 69. Rf3 Re2+ 70. Kf1 Rf2+ 71. Rxf2 gxf2 0-1


[Site "https://www.chess.com"]

[Event "Titled Tuesday Blitz August 08 Early 2023"]
[White "Papayan, Oleg"]
[Black "Tarhan, Adar"]
[WhiteFideId "4193911"]
[BlackFideId "34544712"]
[WhiteElo "2528"]
[BlackElo "2658"]
[Result "0-1"]
[Round "11"]
[TimeControl "180+1"]
[Date "2023.08.08"]
[WhiteClock "0:00:00"]
[BlackClock "0:00:14"]
[Board "54"]

1. e4 e6 2. d4 d5 3. Nc3 Bb4 4. Qg4 Nf6 5. Qxg7 Rg8 6. Qh6 Rg6 7. Qe3 c5 8. Ne2 Nc6 9. a3 Ba5 10. exd5 Nxd5 11. Qd2 cxd4 12. Nxd4 Nxd4 13. Qxd4 Nxc3 14. Qxd8+ Kxd8 15. Bd2 Bd7 16. Bxc3 Bxc3+ 17. bxc3 Rc8 18. Kd2 Bc6 19. Rg1 e5 20. g3 Rd6+ 21. Kc1 Be4 22. Bg2 Bg6 23. Bxb7 Rxc3 24. Ra2 Rd7 25. Rd1 e4 26. Rxd7+ Kxd7 27. Kd2 Rf3 28. Ke1 Kc7 29. Bd5 Kd6 30. c4 Kc5 31. a4 Rd3 32. Rb2 Bh5 33. Rb1 Bf3 34. a5 f5 35. a6 Ra3 36. Kd2 Kd4 37. Rb7 Ra2+ 38. Kc1 Kc3 39. c5 Rxf2 40. Kb1 e3 41. Bxf3 Rxf3 42. Re7 Rf1+ 43. Ka2 Kd3 44. c6 Rc1 45. Rd7+ Ke4 46. c7 e2 47. Kb2 Rc6 48. Re7+ Kf3 0-1


[Site "https://www.chess.com"]

[Event "Titled Tuesday Blitz August 08 Early 2023"]
[White "ATM622"]
[Black "Hua, Lefong"]
[BlackFideId "2602253"]
[WhiteElo "2524"]
[BlackElo "2654"]
[Result "1/2-1/2"]
[Round "11"]
[TimeControl "180+1"]
[Date "2023.08.08"]
[WhiteClock "0:00:16"]
[BlackClock "0:00:23"]
[Board "55"]

1. d4 Nf6 2. c4 g6 3. g3 Bg7 4. Bg2 O-O 5. Nf3 d6 6. O-O Nc6 7. Nc3 a6 8. d5 Na5 9. Nd2 c5 10. e4 Rb8 11. a4 e6 12. Re1 exd5 13. exd5 Bg4 14. Qc2 Bf5 15. Qd1 Re8 16. Rxe8+ Qxe8 17. Qe2 Qxe2 18. Nxe2 Bd3 19. Nf4 Bxc4 20. Nxc4 Nxc4 21. a5 Ne8 22. Ra2 b5 23. axb6 Rxb6 24. Bf1 Nxb2 25. Rxa6 Rxa6 26. Bxa6 Nc7 27. Be2 Na4 28. Bd1 Nb6 29. Bf3 Be5 30. Kf1 Kf8 31. Ke2 Ke7 32. Nd3 Ncxd5 33. Nxe5 dxe5 34. h4 f5 35. h5 Kd6 36. g4 Nf6 37. hxg6 hxg6 38. gxf5 gxf5 39. Bh6 c4 40. Bf8+ Ke6 41. Kd2 Nfd5 42. Bd1 e4 43. Bg7 f4 44. Bc2 e3+ 45. fxe3 Nxe3 46. Be4 Ned5 47. Bd4 Nd7 48. Bf3 Ne5 49. Be2 f3 50. Bxe5 fxe2 51. Bg3 Kf5 52. Kxe2 Ke4 53. Be1 Kd4 54. Kd2 Nb4 55. Bf2+ Kd5 56. Kc3 Nd3 57. Be3 Ne5 58. Ba7 Nd7 59. Bg1 Nf6 60. Ba7 Ne4+ 61. Kc2 Kc6 62. Bg1 Kb5 63. Ba7 Kb4 64. Bd4 Nd6 65. Bc3+ Kb5 66. Bh8 Kc6 67. Be5 Nb5 68. Bh8 Kd5 69. Bg7 Na3+ 70. Kc3 Nb5+ 71. Kc2 Nc7 72. Bh8 Ne6 73. Bf6 Nc5 74. Bh8 Nd3 75. Bg7 Ne1+ 76. Kc3 Ng2 77. Bh8 Ne3 78. Bg7 Nf5 79. Bh8 Nd6 80. Bg7 Nb5+ 81. Kc2 1/2-1/2


[Site "https://www.chess.com"]

[Event "Titled Tuesday Blitz August 08 Early 2023"]
[White "Perske, Thore"]
[Black "Kleiman, Jake"]
[WhiteFideId "12902195"]
[BlackFideId "2020041"]
[WhiteElo "2524"]
[BlackElo "2649"]
[Result "1/2-1/2"]
[Round "11"]
[TimeControl "180+1"]
[Date "2023.08.08"]
[WhiteClock "0:00:03"]
[BlackClock "0:00:02"]
[Board "56"]

1. d4 Nf6 2. g3 e6 3. Bg2 d5 4. Nf3 b5 5. O-O Nbd7 6. a4 b4 7. a5 Ba6 8. Re1 c5 9. c3 bxc3 10. Nxc3 cxd4 11. Nxd4 Nc5 12. b4 Nce4 13. Nxe4 Nxe4 14. Qa4+ Qd7 15. Qxd7+ Kxd7 16. b5 Bb7 17. a6 Bc8 18. Bxe4 dxe4 19. Rd1 Kc7 20. Bd2 Bd6 21. Ba5+ Kd7 22. Nc6 Bxa6 23. Bb4 Bxb5 24. Rxd6+ Kc7 25. Nxa7 Kb7 26. Ra5 Bxe2 27. Bc5 Rhd8 28. Rxd8 Rxd8 29. Ra1 Rd1+ 30. Rxd1 Bxd1 31. Kf1 Ba4 32. Ke1 f6 33. Kd2 e5 34. Ke3 Bc2 35. Nb5 Kc6 36. Na3 Bd3 37. Bf8 Kd7 38. Bxg7 Ke6 39. Kd2 f5 40. Nc2 f4 41. Nb4 Bc4 42. Bh6 Kf5 43. Nc6 Bb5 44. Ne7+ Ke6 45. Bg5 h6 46. Bh4 Be8 47. Nc8 Bd7 48. Nb6 Bc6 49. Nc4 Bd5 50. Nb2 Kf5 51. Nd1 Kg4 52. Bf6 Kf5 53. Bh8 Be6 54. Nc3 Bc4 55. Ke1 Bd3 56. Nd5 Bc4 57. Ne7+ Ke6 58. Nc6 e3 59. Nxe5 exf2+ 60. Kxf2 fxg3+ 61. Kxg3 Bd5 62. Ng4 h5 63. Ne3 Bb3 64. Bb2 Kf7 65. Kf4 Kg6 66. h4 Be6 67. Ng2 Bg4 68. Ne3 Be2 69. Ke5 Bf3 70. Nd5 Bd1 71. Nf4+ Kh7 72. Kf6 Kh6 73. Ne6 Bg4 74. Nf4 Bf3 75. Ba3 Bg4 76. Bf8+ Kh7 77. Kg5 Bf3 78. Ba3 Bd1 79. Nxh5 Be2 80. Nf4 Bd1 81. Bb2 Bf3 82. Ng6 Bd1 83. Ne5 Be2 84. Ng4 Bd1 85. h5 Bc2 86. h6 Kg8 87. Nf6+ Kh8 88. Nh5+ Kh7 89. Ng3 Bb1 90. Bg7 Bc2 91. Nf5 Kg8 92. Kf6 Kh7 93. Nd6 Bb1 94. Ne8 Bc2 95. Nd6 Bb1 96. Ne8 Bc2 97. Nc7 Bb1 98. Ne6 Bc2 99. Nf8+ Kg8 100. Ng6 Bxg6 101. Kxg6 1/2-1/2


[Site "https://www.chess.com"]

[Event "Titled Tuesday Blitz August 08 Early 2023"]
[White "arenal72"]
[Black "Piesik, Piotr"]
[BlackFideId "1136194"]
[WhiteElo "2508"]
[BlackElo "2647"]
[Result "0-1"]
[Round "11"]
[TimeControl "180+1"]
[Date "2023.08.08"]
[WhiteClock "0:01:14"]
[BlackClock "0:01:33"]
[Board "57"]

1. e4 g6 2. d4 Bg7 3. h4 h5 4. Nf3 c6 5. Nc3 d5 6. Bf4 dxe4 7. Nxe4 Nf6 8. Nxf6+ Bxf6 9. Qd2 Bf5 10. O-O-O Nd7 11. Bd3 Bxd3 12. Qxd3 Nb6 13. Rhe1 Qd5 14. Kb1 O-O 15. Be5 Rad8 16. Bxf6 exf6 17. b3 Rfe8 18. Re3 Qd7 19. Rde1 Nd5 20. Rxe8+ Rxe8 21. Rxe8+ Qxe8 22. g3 b5 23. Kb2 b4 24. a3 a5 25. Qc4 Qe4 26. Nd2 Qe1 27. Qxc6 Nc3 28. axb4 axb4 29. Qxf6 Qxd2 30. Qd8+ Kg7 31. Qd6 Ne2 32. Qe5+ Kh7 33. d5 Qc1+ 0-1


[Site "https://www.chess.com"]

[Event "Titled Tuesday Blitz August 08 Early 2023"]
[White "Weishaeutel, Moritz"]
[Black "Iljin, Timofey"]
[WhiteFideId "12967300"]
[BlackFideId "14110180"]
[WhiteElo "2647"]
[BlackElo "2507"]
[Result "1-0"]
[Round "11"]
[TimeControl "180+1"]
[Date "2023.08.08"]
[WhiteClock "0:00:14"]
[BlackClock "0:00:01"]
[Board "58"]

1. e4 d5 2. exd5 Nf6 3. Nf3 Bg4 4. Bb5+ Nbd7 5. c4 a6 6. Ba4 b5 7. cxb5 Nxd5 8. bxa6 e6 9. h3 Bxf3 10. Qxf3 Rxa6 11. Bb3 Ne5 12. Qe2 Nb4 13. O-O Nbd3 14. Nc3 Bc5 15. Bc2 O-O 16. Qe4 f5 17. Qe2 Rd6 18. Kh1 Qh4 19. f4 Nxc1 20. Raxc1 Ng4 21. Ne4 fxe4 22. Qxg4 Qxg4 23. hxg4 Rxd2 24. Bxe4 Rxb2 25. Rxc5 Rxa2 26. Rxc7 Ra4 27. Bf3 Raxf4 28. Re1 R4f6 29. Re7 h6 30. R7xe6 Rxe6 31. Rxe6 Rb8 32. Re7 Rb1+ 33. Kh2 Rb5 34. Rb7 Rc5 35. Kg3 Rc3 36. Kf4 Kf8 37. Ke5 Rc5+ 38. Bd5 g5 39. Rf7+ Ke8 40. Rf6 Rc2 41. Rxh6 Ke7 42. Rh7+ Kf8 43. Rf7+ Ke8 44. Rg7 Re2+ 45. Be4 Kf8 46. Rxg5 Kf7 47. Rf5+ Kg6 48. Rf2+ Kg5 49. Rxe2 Kh4 50. Bf3 Kg3 51. g5 Kh4 52. g6 Kg3 53. g7 Kh4 54. Rd2 Kg3 55. g8=Q+ Kh2 56. g4+ Kg1 57. Qb8 Kf1 58. Qb1# 1-0


[Site "https://www.chess.com"]

[Event "Titled Tuesday Blitz August 08 Early 2023"]
[White "Wong, Zhenyong Jayden"]
[Black "Freitag, Manfred"]
[WhiteFideId "5821975"]
[BlackFideId "1602004"]
[WhiteElo "2502"]
[BlackElo "2642"]
[Result "0-1"]
[Round "11"]
[TimeControl "180+1"]
[Date "2023.08.08"]
[WhiteClock "0:00:07"]
[BlackClock "0:00:45"]
[Board "59"]

1. g3 Nf6 2. Bg2 g6 3. b3 Bg7 4. Bb2 O-O 5. Nf3 d5 6. c4 c6 7. O-O a5 8. Nc3 Bf5 9. d3 Re8 10. Rc1 Na6 11. cxd5 Nxd5 12. Qd2 Nxc3 13. Bxc3 Bxc3 14. Qxc3 Nb4 15. Qb2 Qd6 16. a3 Na6 17. Ne5 Qf6 18. Rfd1 Nc7 19. Qc3 Nb5 20. Qa1 Red8 21. Nf3 Qxa1 22. Rxa1 Bg4 23. e3 Bxf3 24. Bxf3 e5 25. Kf1 Rd6 26. Be2 Rad8 27. Rdc1 Kg7 28. a4 Nc7 29. Rc5 Rd5 30. Rac1 Ne6 31. Rxd5 Rxd5 32. Ke1 Rc5 33. Rb1 Rd5 34. Kd2 f5 35. Kc3 Kf6 36. b4 axb4+ 37. Rxb4 Rd7 38. f4 Nc7 39. Bf3 Na6 40. Rb6 Nc5 41. a5 Na4+ 0-1


[Site "https://www.chess.com"]

[Event "Titled Tuesday Blitz August 08 Early 2023"]
[White "Ovchinnikov, Vsevolod"]
[Black "Rodchenkov, Sergey D."]
[WhiteFideId "24176842"]
[BlackFideId "4168712"]
[WhiteElo "2638"]
[BlackElo "2501"]
[Result "1-0"]
[Round "11"]
[TimeControl "180+1"]
[Date "2023.08.08"]
[WhiteClock "0:00:03"]
[BlackClock "0:00:19"]
[Board "60"]

1. d4 d5 2. c4 dxc4 3. Nf3 Nf6 4. e3 a6 5. Bxc4 e6 6. a4 c5 7. O-O Nc6 8. Nc3 Be7 9. Qe2 O-O 10. Rd1 Qc7 11. dxc5 Bxc5 12. Bd2 b6 13. Rac1 Bb7 14. Be1 Ne5 15. Nxe5 Qxe5 16. Rd3 Qg5 17. Qf1 Ng4 18. h3 Ne5 19. f4 Qh6 20. fxe5 Bxe3+ 21. Rxe3 Qxe3+ 22. Bf2 Qxe5 23. Bxb6 Rac8 24. b3 h5 25. a5 h4 26. Rc2 Qg5 27. Re2 e5 28. Ne4 Qe7 29. Qf2 Rxc4 30. bxc4 Rc8 31. Nc5 Ba8 32. Qe3 f6 33. Rd2 Qf7 34. Qe2 Qg6 35. Rd7 Qb1+ 36. Kh2 Qg6 37. Qg4 Qxg4 38. hxg4 e4 39. Kg1 Re8 40. Rd2 e3 41. Re2 h3 42. gxh3 Bf3 43. Re1 e2 44. Nxa6 Ra8 45. Nc7 Rd8 46. Kf2 Rd1 47. Nb5 Rb1 48. Rxb1 1-0


[Site "https://www.chess.com"]

[Event "Titled Tuesday Blitz August 08 Early 2023"]
[White "Erzhanov, Arman"]
[Black "Hrbek, Stepan"]
[WhiteFideId "4138821"]
[BlackFideId "393479"]
[WhiteElo "2633"]
[BlackElo "2478"]
[Result "0-1"]
[Round "11"]
[TimeControl "180+1"]
[Date "2023.08.08"]
[WhiteClock "0:00:39"]
[BlackClock "0:00:06"]
[Board "61"]

1. e4 c5 2. Nf3 Nc6 3. Bb5 e6 4. b3 Nge7 5. Bb2 a6 6. Bxc6 Nxc6 7. O-O f6 8. Nh4 g6 9. f4 Bg7 10. f5 Ne7 11. fxg6 hxg6 12. g3 g5 13. Nf3 d6 14. Nxg5 O-O 15. Nh3 e5 16. Qh5 Qe8 17. Qxe8 Rxe8 18. Kg2 f5 19. Nc3 b5 20. d3 Bb7 21. Rae1 b4 22. Nd1 Bh6 23. Nhf2 a5 24. a4 bxa3 25. Bxa3 a4 26. b4 Bd2 27. Re2 Bxb4 28. Bb2 a3 29. Ba1 c4 30. dxc4 Bc5 31. Ne3 fxe4 32. Rd1 Bxe3 33. Rxe3 Nf5 34. Ng4 Nxe3+ 35. Nxe3 Re6 36. h4 Rc8 37. g4 Ba6 38. g5 Bxc4 39. Rd2 d5 40. h5 d4 41. Ng4 e3 42. Rd1 Bd5+ 43. Kg3 Rxc2 44. Nf6+ Rxf6 45. gxf6 Rg2+ 46. Kh4 e2 47. Re1 d3 48. Bc3 e4 49. Bd2 Kf7 50. Bg5 Rh2+ 51. Kg3 Rxh5 52. Kg4 Rh2 53. Kg3 Rh5 54. Kg4 Rh8 55. Kf5 Be6+ 56. Ke5 Rh5 57. Kf4 Rxg5 58. Kxg5 d2 59. Rxe2 d1=Q 60. Rxe4 Qg1+ 61. Kf4 Qf2+ 62. Ke5 Qf5+ 63. Kd6 Qd5+ 64. Kc7 Qxe4 65. Kd8 a2 66. Kc7 a1=Q 67. Kb6 Qb2+ 68. Kc5 Qd5# 0-1


[Site "https://www.chess.com"]

[Event "Titled Tuesday Blitz August 08 Early 2023"]
[White "Kirillov, Dmitry"]
[Black "Thecourseoisildur"]
[WhiteFideId "34180572"]
[WhiteElo "2476"]
[BlackElo "2602"]
[Result "1-0"]
[Round "11"]
[TimeControl "180+1"]
[Date "2023.08.08"]
[WhiteClock "0:01:32"]
[BlackClock "0:00:00"]
[Board "62"]

1. e4 e5 2. Nf3 Nc6 3. d4 exd4 4. c3 dxc3 5. Nxc3 Bb4 6. Bc4 Nge7 7. Ng5 Ne5 8. Bb3 Bxc3+ 9. bxc3 h6 10. f4 hxg5 11. fxe5 d6 12. O-O Be6 13. Bxe6 fxe6 14. Qf3 Kd7 15. Bxg5 Rf8 16. Qg3 Qe8 17. Rfd1 Nc8 18. exd6 cxd6 19. c4 b6 20. Rac1 Qf7 21. c5 bxc5 22. Rxc5 Qh5 23. Rcc1 e5 24. Qxe5 Qf7 25. Qb5+ Ke6 26. Qd5+ Kd7 27. Qb7+ Ke6 28. Qxa8 Qf2+ 29. Kh1 Qxa2 30. Qd5+ 1-0


[Site "https://www.chess.com"]

[Event "Titled Tuesday Blitz August 08 Early 2023"]
[White "Molina, Roberto Junio Brito"]
[Black "Shukhman, Anna"]
[WhiteFideId "2109450"]
[BlackFideId "54180058"]
[WhiteElo "2819"]
[BlackElo "2543"]
[Result "0-1"]
[Round "11"]
[TimeControl "180+1"]
[Date "2023.08.08"]
[WhiteClock "0:00:05"]
[BlackClock "0:00:06"]
[Board "63"]

1. e4 c5 2. Nf3 a6 3. c4 Nc6 4. d4 cxd4 5. Nxd4 Nf6 6. Nc3 e5 7. Nc2 Bc5 8. Be2 O-O 9. O-O h6 10. Kh1 d6 11. a3 Be6 12. b4 Bd4 13. Nxd4 Nxd4 14. Bd3 Rc8 15. Nd5 Bxd5 16. cxd5 a5 17. Rb1 axb4 18. Rxb4 Nd7 19. Bb2 Qa5 20. Bb1 Rc7 21. f4 Rfc8 22. h3 Nb5 23. Qd3 Nc3 24. fxe5 Nxe5 25. Qg3 Qa6 26. Re1 Nxb1 27. Rxb1 Qe2 28. Bxe5 dxe5 29. Qxe5 Rc1+ 30. Kh2 Qe1 31. Rxc1 Rxc1 32. Qe8+ Kh7 33. Qxf7 Qg1+ 34. Kg3 Rc3+ 35. Kh4 Qe1+ 36. Kh5 Qe2+ 37. Kh4 Qe1+ 38. Kh5 Rg3 39. Rxb7 Qxe4 40. Qe7 Rg5+ 41. Qxg5 hxg5 42. Rb4 Qxd5 43. Rg4 g6# 0-1


[Site "https://www.chess.com"]

[Event "Titled Tuesday Blitz August 08 Early 2023"]
[White "Sethuraman, S.P."]
[Black "Eynullayev, Atilla"]
[WhiteFideId "5021596"]
[BlackFideId "13413570"]
[WhiteElo "2779"]
[BlackElo "2540"]
[Result "0-1"]
[Round "11"]
[TimeControl "180+1"]
[Date "2023.08.08"]
[WhiteClock "0:00:21"]
[BlackClock "0:01:21"]
[Board "64"]

1. d4 Nf6 2. Nc3 d5 3. Bf4 e6 4. Nb5 Bb4+ 5. c3 Ba5 6. a4 a6 7. b4 Bxb4 8. cxb4 axb5 9. axb5 Rxa1 10. Qxa1 O-O 11. e3 Nbd7 12. Qc3 Ne4 13. Qxc7 Qe7 14. Qa5 b6 15. Qa3 Bb7 16. f3 Ra8 17. Qb2 Ra1+ 18. Ke2 Ra2 19. Qxa2 Nc3+ 20. Kf2 Nxa2 21. Be2 Nxb4 22. Nh3 e5 23. dxe5 Nxe5 24. Rd1 f6 25. Kg1 Qc5 26. Nf2 g5 27. Bg3 Qxe3 28. Bf1 h5 29. Ra1 h4 30. Bxe5 fxe5 31. Ra7 Bc8 32. Ra8 Qc5 33. h3 e4 34. fxe4 dxe4 35. Be2 Nd3 36. Bxd3 exd3 37. Kf1 d2 38. Ke2 Qe5+ 39. Kxd2 Qd5+ 40. Nd3 Qxa8 0-1


[Site "https://www.chess.com"]

[Event "Titled Tuesday Blitz August 08 Early 2023"]
[White "Palczert, Matyas"]
[Black "Srihari L R"]
[WhiteFideId "784958"]
[BlackFideId "46617116"]
[WhiteElo "2524"]
[BlackElo "2743"]
[Result "1-0"]
[Round "11"]
[TimeControl "180+1"]
[Date "2023.08.08"]
[WhiteClock "0:01:24"]
[BlackClock "0:00:00"]
[Board "65"]

1. e4 e6 2. d4 d5 3. Nc3 Nf6 4. e5 Nfd7 5. f4 c5 6. Nf3 Nc6 7. Be3 a6 8. Qd2 b5 9. dxc5 Bxc5 10. Bd3 Qb6 11. Bf2 Bb7 12. a3 Rc8 13. O-O g6 14. Rae1 Bxf2+ 15. Rxf2 b4 16. axb4 Nxb4 17. Ne2 Nc5 18. Ned4 O-O 19. h4 Rfd8 20. h5 Ne4 21. Qe3 Nxf2 22. Qxf2 Nxd3 23. cxd3 gxh5 24. Qh4 Qxb2 25. Qxh5 Rd7 26. Kh2 Rc1 27. Re2 Qb6 28. f5 exf5 29. e6 fxe6 30. Rxe6 Qc7+ 31. Ne5 Rf7 32. Re8+ Rf8 33. Rxf8+ Kxf8 34. Ne6+ 1-0


[Site "https://www.chess.com"]